3AAA
AUGUSTA TIMBER HAWKS @ RAPPAHANNOCK PARTISANS
07/05/2019
 
TOP OF THE 1ST
Augusta Timber Hawks batting - Pitching for Rappahannock Partisans : RHP Herman Barnes
Pitching: RHP Herman Barnes
Batting: LHB Mike Hanson 0-0: Ball
1-0: Fly out, F7 (Popup, 6D)
Batting: SHB José Salazar 0-0: Ball
1-0: Ball
2-0: Called Strike
2-1: Fly out, F8 (Flyball, 8RM)
Batting: LHB Juan Rodríguez 0-0: Called Strike
0-1: Ball
1-1: Foul Ball, location: 2F
1-2: Ball
2-2: Ball
3-2: Strikes out swinging
Top of the 1st over - 0 run(s), 0 hit(s), 0 error(s), 0 left on base; Augusta 0 - Rappahannock 0
BOTTOM OF THE 1ST
Rappahannock Partisans batting - Pitching for Augusta Timber Hawks : RHP Britt Yates
Pitching: RHP Britt Yates
Batting: RHB Kyle Dempsey 0-0: Foul Ball, location: 2F
0-1: Foul Ball, location: 2F
0-2: Ball
1-2: Foul Ball, location: 2F
1-2: Ball
2-2: Ball
3-2: Strikes out looking
Batting: LHB Miguel Mendoza 0-0: Foul Ball, location: 2F
0-1: Ball
1-1: Ball
2-1: Ball
3-1: SOLO HOME RUN (Flyball, 9LD), Distance : 344 ft
Batting: RHB Tom Baker 0-0: Foul Ball, location: 2F
0-1: Ball
1-1: SINGLE (Line Drive, 4M)
Batting: RHB Seth Varela 0-0: Ball
1-0: Ball
2-0: Ball
3-0: Called Strike
3-1: Fly out, F8 (Flyball, 8RD)
Batting: RHB San-gui Liang 0-0: Ball
Tom Baker steals 2nd base
1-0: Called Strike
1-1: SINGLE (Line Drive, 78S)
Tom Baker to third
Runner from 3rd tries for Home, SAFE, no throw or cutoff
Batting: LHB Alfonso López 0-0: Ball
1-0: Foul Ball, location: 2F
1-1: Ball
2-1: Ball
3-1: Base on Balls
San-gui Liang to second
Batting: RHB Ricardo Pérez 0-0: Ball
1-0: Called Strike
1-1: Foul Ball, location: 2F
1-2: SINGLE (Flyball, 9LS)
San-gui Liang to third
Alfonso López to second
Runner from 3rd tries for Home, SAFE, throw made home
Batting: RHB José Mata 0-0: Called Strike
0-1: Ball
1-1: Fly out, F8 (Flyball, 8LXD)
Bottom of the 1st over - 3 run(s), 4 hit(s), 0 error(s), 2 left on base; Augusta 0 - Rappahannock 3
TOP OF THE 2ND
Augusta Timber Hawks batting - Pitching for Rappahannock Partisans : RHP Herman Barnes
Batting: SHB Lawrence Franklin 0-0: Called Strike
0-1: Ball
1-1: Foul Ball, location: 2F
1-2: Ball
2-2: SINGLE (Groundball, 56D)
Batting: RHB Rob Young 0-0: Ball
1-0: SINGLE (Groundball, 5L)
Lawrence Franklin to second
Batting: RHB Phil Hayes 0-0: Ball
1-0: 3-RUN HOME RUN (Flyball, 7D), Distance : 378 ft
Batting: RHB Juan Banda 0-0: Ball
1-0: Called Strike
1-1: Foul Ball, location: 2F
1-2: Ball
2-2: Ball
3-2: Base on Balls
Batting: RHB Victor Haley 0-0: Ball
1-0: Ball
2-0: Ball
3-0: Called Strike
3-1: Swinging Strike
3-2: Fly out, F7 (Flyball, 78M)
Batting: RHB Billy Strauss 0-0: Ball
1-0: Ball
2-0: Called Strike
2-1: Fly out, F7 (Line Drive, 78S)
Batting: LHB Mike Hanson 0-0: Ball
1-0: Called Strike
1-1: Ball
2-1: Foul Ball, location: 2F
2-2: Foul Ball, location: 2F
2-2: Strikes out swinging
Top of the 2nd over - 3 run(s), 3 hit(s), 0 error(s), 1 left on base; Augusta 3 - Rappahannock 3
BOTTOM OF THE 2ND
Rappahannock Partisans batting - Pitching for Augusta Timber Hawks : RHP Britt Yates
Batting: RHB Tim Wilson 0-0: Ball
1-0: Called Strike
1-1: Called Strike
1-2: Ball
2-2: Fly out, F7 (Flyball, 78S)
Batting: RHB Kyle Dempsey 0-0: Ground out 5-3 (Groundball, 5S)
Batting: LHB Miguel Mendoza 0-0: Ball
1-0: Fly out, F8 (Flyball, 8RM)
Bottom of the 2nd over - 0 run(s), 0 hit(s), 0 error(s), 0 left on base; Augusta 3 - Rappahannock 3
TOP OF THE 3RD
Augusta Timber Hawks batting - Pitching for Rappahannock Partisans : RHP Herman Barnes
Batting: SHB José Salazar 0-0: Ground out 4-3 (Groundball, 34)
Batting: LHB Juan Rodríguez 0-0: Called Strike
0-1: Called Strike
0-2: Strikes out swinging
Batting: SHB Lawrence Franklin 0-0: Ball
1-0: SOLO HOME RUN (Line Drive, 9LD), Distance : 332 ft
Batting: RHB Rob Young 0-0: Foul Ball, location: 2F
0-1: SINGLE (Groundball, 34D)
Batting: RHB Phil Hayes 0-0: Called Strike
0-1: Ball
1-1: SINGLE (Groundball, 56)
Rob Young to second
Batting: RHB Juan Banda 0-0: Reached on error, E5 (Groundball, 5S)
Rob Young scores
Phil Hayes to third
Pitching: RHP Jon Shankle
Batting: RHB Victor Haley 0-0: Called Strike
0-1: Called Strike
0-2: Ball
1-2: Ball
2-2: Strikes out swinging
Top of the 3rd over - 2 run(s), 3 hit(s), 1 error(s), 2 left on base; Augusta 5 - Rappahannock 3
BOTTOM OF THE 3RD
Rappahannock Partisans batting - Pitching for Augusta Timber Hawks : RHP Britt Yates
Batting: RHB Tom Baker 0-0: Ball
1-0: Foul Ball, location: 2F
1-1: Ball
2-1: SINGLE (Flyball, 6MD)
Batting: RHB Seth Varela 0-0: Ball
1-0: Ball
2-0: Called Strike
2-1: Fly out, F9 (Flyball, 89M)
Batting: RHB San-gui Liang 0-0: Swinging Strike
0-1: Grounds into double play, 3-6-3 (Groundball, 3)
Bottom of the 3rd over - 0 run(s), 1 hit(s), 0 error(s), 0 left on base; Augusta 5 - Rappahannock 3
TOP OF THE 4TH
Augusta Timber Hawks batting - Pitching for Rappahannock Partisans : RHP Jon Shankle
Batting: RHB Billy Strauss 0-0: Called Strike
0-1: Swinging Strike
0-2: Strikes out swinging
Batting: LHB Mike Hanson 0-0: Called Strike
0-1: Foul Ball, location: 2F
0-2: Fly out, F9 (Line Drive, 89S)
Batting: SHB José Salazar 0-0: Ball
1-0: Ball
2-0: Foul Ball, location: 2F
2-1: Swinging Strike
2-2: Ball
3-2: Fly out, F8 (Flyball, 8LM)
Top of the 4th over - 0 run(s), 0 hit(s), 0 error(s), 0 left on base; Augusta 5 - Rappahannock 3
BOTTOM OF THE 4TH
Rappahannock Partisans batting - Pitching for Augusta Timber Hawks : RHP Britt Yates
Batting: LHB Alfonso López 0-0: Ground out U3 (Groundball, 3S)
Batting: RHB Ricardo Pérez 0-0: Ball
1-0: Fly out, F5 (Popup, 25F)
Batting: RHB José Mata 0-0: Foul Ball, location: 2F
0-1: Called Strike
0-2: Foul Ball, location: 2F
0-2: Foul Ball, location: 2F
0-2: Ball
1-2: SINGLE (Line Drive, 6MD)
Batting: RHB Tim Wilson 0-0: Swinging Strike
0-1: Fielders Choice at 2nd, 5-4 (Groundball, 5)
Bottom of the 4th over - 0 run(s), 1 hit(s), 0 error(s), 0 left on base; Augusta 5 - Rappahannock 3
TOP OF THE 5TH
Augusta Timber Hawks batting - Pitching for Rappahannock Partisans : RHP Jon Shankle
Batting: LHB Juan Rodríguez 0-0: Called Strike
0-1: Ball
1-1: Fly out, F5 (Popup, 5SF)
Batting: SHB Lawrence Franklin 0-0: Ball
1-0: Ball
2-0: Called Strike
2-1: Foul Ball, location: 2F
2-2: Ball
3-2: Foul Ball, location: 2F
3-2: Fly out, F6 (Line Drive, 6)
Batting: RHB Rob Young 0-0: Called Strike
0-1: Ball
1-1: Ball
2-1: Foul Ball, location: 2F
2-2: Strikes out swinging
Top of the 5th over - 0 run(s), 0 hit(s), 0 error(s), 0 left on base; Augusta 5 - Rappahannock 3
BOTTOM OF THE 5TH
Rappahannock Partisans batting - Pitching for Augusta Timber Hawks : RHP Britt Yates
Batting: RHB Kyle Dempsey 0-0: Ball
1-0: Swinging Strike
1-1: Ball
2-1: Ball
3-1: Called Strike
3-2: Strikes out swinging
Batting: LHB Miguel Mendoza 0-0: Called Strike
0-1: Ball
1-1: SOLO HOME RUN (Flyball, 89XD), Distance : 392 ft
Batting: RHB Tom Baker 0-0: Ball
1-0: Foul Ball, location: 2F
1-1: Ball
2-1: Foul Ball, location: 2F
2-2: Fly out, F8 (Line Drive, 8RXD)
Batting: RHB Seth Varela 0-0: Ball
1-0: Ball
2-0: Ball
3-0: Called Strike
3-1: Ground out 6-3 (Groundball, 6M)
Bottom of the 5th over - 1 run(s), 1 hit(s), 0 error(s), 0 left on base; Augusta 5 - Rappahannock 4
TOP OF THE 6TH
Augusta Timber Hawks batting - Pitching for Rappahannock Partisans : RHP Jon Shankle
Batting: RHB Phil Hayes 0-0: Ball
1-0: Ball
2-0: Called Strike
2-1: Ball
3-1: Base on Balls
Batting: RHB Juan Banda 0-0: Bunted foul
0-1: Sac Bunt - play at first, batter OUT! 1-4
Phil Hayes to second
Batting: RHB Victor Haley 0-0: Ball
1-0: Called Strike
1-1: Fly out, F3 (Popup, 3L)
Batting: RHB Billy Strauss 0-0: Called Strike
0-1: SINGLE (Groundball, 34D) (infield hit)
Phil Hayes to third
Batting: LHB Mike Hanson 0-0: Ball
1-0: Called Strike
1-1: Swinging Strike
1-2: Foul Ball, location: 2F
1-2: Strikes out swinging
Top of the 6th over - 0 run(s), 1 hit(s), 0 error(s), 2 left on base; Augusta 5 - Rappahannock 4
BOTTOM OF THE 6TH
Rappahannock Partisans batting - Pitching for Augusta Timber Hawks : RHP Britt Yates
Batting: RHB San-gui Liang 0-0: Ball
1-0: Ball
2-0: Ball
3-0: Called Strike
3-1: Base on Balls
Batting: LHB Alfonso López 0-0: Ball
1-0: Ball
2-0: Sac Bunt - play at first, batter OUT! 1-4
San-gui Liang to second
Batting: RHB Ricardo Pérez 0-0: Fly out, F7 (Flyball, 78M)
Batting: RHB José Mata 0-0: Swinging Strike
0-1: Swinging Strike
0-2: Ball
1-2: Ball
2-2: Strikes out swinging
Bottom of the 6th over - 0 run(s), 0 hit(s), 0 error(s), 1 left on base; Augusta 5 - Rappahannock 4
TOP OF THE 7TH
Augusta Timber Hawks batting - Pitching for Rappahannock Partisans : RHP Jon Shankle
Pitching: LHP Wyatt Watson
Batting: SHB José Salazar 0-0: Ball
1-0: Ball
2-0: Ball
3-0: Called Strike
3-1: Base on Balls
Batting: LHB Juan Rodríguez 0-0: Ball
1-0: Called Strike
1-1: Swinging Strike
1-2: Ball
2-2: Strikes out swinging
Batting: SHB Lawrence Franklin 0-0: Called Strike
0-1: Ball
1-1: Ball
2-1: Swinging Strike
2-2: Ball
3-2: Foul Ball, location: 2F
3-2: Base on Balls
José Salazar to second
Batting: RHB Rob Young 0-0: Called Strike
0-1: SINGLE (Line Drive, 78S)
José Salazar to third
Lawrence Franklin to second
Batting: RHB Phil Hayes 0-0: Called Strike
0-1: Foul Ball, location: 2F
0-2: Ball
1-2: Ball
2-2: Strikes out swinging
Batting: RHB Juan Banda 0-0: Ball
1-0: Ball
2-0: Ball
3-0: Base on Balls
José Salazar scores
Lawrence Franklin to third
Rob Young to second
Pinch Hitting: RHB Mark Cunningham 0-0: Ball
1-0: Swinging Strike
1-1: Swinging Strike
1-2: Strikes out swinging
Top of the 7th over - 1 run(s), 1 hit(s), 0 error(s), 3 left on base; Augusta 6 - Rappahannock 4
BOTTOM OF THE 7TH
Rappahannock Partisans batting - Pitching for Augusta Timber Hawks : RHP Britt Yates
Now at 3B: Mark Cunningham
Batting: RHB Tim Wilson 0-0: Ball
1-0: Ball
2-0: Ball
3-0: Base on Balls
Batting: RHB Kyle Dempsey 0-0: Ball
1-0: Ball
2-0: Foul Ball, location: 2F
2-1: Fly out, F8 (Flyball, 8RM)
Batting: LHB Miguel Mendoza 0-0: Called Strike
Tim Wilson is caught stealing 2nd base
0-1: Ball
1-1: Ball
2-1: Foul Ball, location: 2F
2-2: SINGLE (Groundball, 13) (infield hit)
Batting: RHB Tom Baker 0-0: Fly out, F8 (Flyball, 8LXD)
Bottom of the 7th over - 0 run(s), 1 hit(s), 0 error(s), 1 left on base; Augusta 6 - Rappahannock 4
TOP OF THE 8TH
Augusta Timber Hawks batting - Pitching for Rappahannock Partisans : LHP Wyatt Watson
Batting: RHB Billy Strauss 0-0: Ball
1-0: Fly out, F7 (Flyball, 78S)
Batting: LHB Mike Hanson 0-0: Fly out, F5 (Popup, 5SF)
Batting: SHB José Salazar 0-0: Called Strike
0-1: Ball
1-1: Ball
2-1: Ball
3-1: Base on Balls
Batting: LHB Juan Rodríguez 0-0: Ball
1-0: Called Strike
1-1: Foul Ball, location: 2F
1-2: SINGLE (Line Drive, 7S)
José Salazar to second
Batting: SHB Lawrence Franklin 0-0: Foul Ball, location: 2F
0-1: Ball
1-1: Reached on error, E4 (Groundball, 4)
José Salazar to third
Juan Rodríguez to second
Batting: RHB Rob Young 0-0: Ball
1-0: Called Strike
1-1: Ball
2-1: Ball
3-1: Called Strike
3-2: Fly out, F1 (Line Drive, 15)
Top of the 8th over - 0 run(s), 1 hit(s), 1 error(s), 3 left on base; Augusta 6 - Rappahannock 4
BOTTOM OF THE 8TH
Rappahannock Partisans batting - Pitching for Augusta Timber Hawks : RHP Britt Yates
Batting: RHB Seth Varela 0-0: Foul Ball, location: 2F
0-1: Ball
1-1: Ground out 4-3 (Groundball, 4)
Batting: RHB San-gui Liang 0-0: Ball
1-0: Called Strike
1-1: SINGLE (Line Drive, 34)
Pitching: RHP Jorge Guerrero
Batting: LHB Alfonso López 0-0: Ball
1-0: 2-RUN HOME RUN (Flyball, 9D), Distance : 345 ft
Pinch Hitting: LHB Robert Bond 0-0: Called Strike
0-1: Called Strike
0-2: Ball
1-2: Strikes out swinging
Pinch Hitting: RHB Mal Phillips 0-0: Foul Ball, location: 2F
0-1: Ball
1-1: Fly out, F6 (Line Drive, 6D)
Bottom of the 8th over - 2 run(s), 2 hit(s), 0 error(s), 0 left on base; Augusta 6 - Rappahannock 6
TOP OF THE 9TH
Augusta Timber Hawks batting - Pitching for Rappahannock Partisans : LHP Wyatt Watson
Now at 3B: Marvin von Seydlitz
Now in RF: Robert Bond
Batting: RHB Phil Hayes 0-0: Ball
1-0: Ball
2-0: Foul Ball, location: 2F
2-1: Ball
3-1: Called Strike
3-2: SINGLE (Flyball, 7LS)
Pitching: LHP Doug Robinson
Batting: RHB Juan Banda 0-0: Sac Bunt - play at second, runner OUT! 1-6
Pitching: RHP Jim Unknown
Pinch Hitting: LHB Bob Hensley 0-0: Ball
Juan Banda is caught stealing 2nd base
1-0: Called Strike
1-1: Called Strike
1-2: Ball
2-2: SINGLE (Flyball, 78S)
Pinch Hitting: SHB Tom Montgomery 0-0: Ball
1-0: Swinging Strike
1-1: Ball
2-1: Fly out, F5 (Popup, 5DF)
Top of the 9th over - 0 run(s), 2 hit(s), 0 error(s), 1 left on base; Augusta 6 - Rappahannock 6
BOTTOM OF THE 9TH
Rappahannock Partisans batting - Pitching for Augusta Timber Hawks : RHP Jorge Guerrero
Pitching: RHP John Green
Now at 3B: Tom Montgomery
Now in LF: Frank Collins
Pinch Hitting: RHB Pablo Lugo 0-0: Ball
1-0: Ball
2-0: Ball
3-0: Base on Balls
Batting: RHB Kyle Dempsey 0-0: Bunt missed!
0-1: Sac Bunt - play at first, batter OUT! 1-4
Pablo Lugo to second
Batting: LHB Miguel Mendoza 0-0: Foul Ball, location: 2F
0-1: Ball
1-1: Ball
2-1: Ball
3-1: Base on Balls
Batting: RHB Tom Baker 0-0: Called Strike
0-1: Ball
1-1: Ball
2-1: Called Strike
2-2: Foul Ball, location: 2F
2-2: Grounds into double play, 6-4-3 (Groundball, 6)
Bottom of the 9th over - 0 run(s), 0 hit(s), 0 error(s), 1 left on base; Augusta 6 - Rappahannock 6
TOP OF THE 10TH
Augusta Timber Hawks batting - Pitching for Rappahannock Partisans : RHP Jim Unknown
Now at 2B: Pablo Lugo
Batting: LHB Mike Hanson 0-0: Called Strike
0-1: Called Strike
0-2: Foul Ball, location: 2F
0-2: Ball
1-2: Strikes out swinging
Batting: SHB José Salazar 0-0: Ball
1-0: SINGLE (Groundball, 6M)
Batting: LHB Juan Rodríguez 0-0: Swinging Strike
0-1: SINGLE (Line Drive, 78S)
José Salazar to second
Batting: SHB Lawrence Franklin 0-0: Ball
1-0: Ball
2-0: Called Strike
2-1: Ball
3-1: Ground out 3-1 (Groundball, 34)
José Salazar to third
Juan Rodríguez to second
Batting: RHB Rob Young 0-0: Ball
1-0: Foul Ball, location: 2F
1-1: Fly out, F4 (Popup, 34)
Top of the 10th over - 0 run(s), 2 hit(s), 0 error(s), 2 left on base; Augusta 6 - Rappahannock 6
BOTTOM OF THE 10TH
Rappahannock Partisans batting - Pitching for Augusta Timber Hawks : RHP John Green
Batting: RHB Seth Varela 0-0: Ball
1-0: Ball
2-0: Called Strike
2-1: Ball
3-1: Ground out 5-3 (Groundball, 5D)
Batting: RHB San-gui Liang 0-0: Ball
1-0: Ball
2-0: Foul Ball, location: 2F
2-1: Ball
3-1: Called Strike
3-2: Foul Ball, location: 2F
3-2: Foul Ball, location: 2F
3-2: Fly out, F3 (Popup, 3F)
Batting: LHB Alfonso López 0-0: Ball
1-0: Ball
2-0: Swinging Strike
2-1: Foul Ball, location: 2F
2-2: Ball
3-2: Fly out, F5 (Popup, 25F)
Bottom of the 10th over - 0 run(s), 0 hit(s), 0 error(s), 0 left on base; Augusta 6 - Rappahannock 6
TOP OF THE 11TH
Augusta Timber Hawks batting - Pitching for Rappahannock Partisans : RHP Jim Unknown
Batting: RHB Phil Hayes 0-0: Called Strike
0-1: Fly out, F4 (Line Drive, 4)
Pitching: LHP Monte Conner
Batting: RHB Juan Banda 0-0: Ball
1-0: Ball
2-0: Ball
3-0: Called Strike
3-1: Base on Balls
Batting: RHB Frank Collins 0-0: Ball
1-0: SINGLE (Groundball, 6)
Juan Banda to second
Pinch Hitting: RHB Brit Fleming 0-0: Foul Ball, location: 2F
0-1: Ball
1-1: Foul Ball, location: 2F
1-2: Ball
2-2: Ball
3-2: Strikes out swinging
Batting: LHB Mike Hanson 0-0: Called Strike
0-1: Swinging Strike
0-2: Ball
1-2: Strikes out swinging
Top of the 11th over - 0 run(s), 1 hit(s), 0 error(s), 2 left on base; Augusta 6 - Rappahannock 6
BOTTOM OF THE 11TH
Rappahannock Partisans batting - Pitching for Augusta Timber Hawks : RHP John Green
Pitching: LHP Eric Patnode
Now at SS: Marc Pratt
Batting: LHB Robert Bond 0-0: Ball
1-0: Ball
2-0: Called Strike
2-1: Swinging Strike
2-2: Ball
3-2: Base on Balls
Pinch Hitting: RHB Mark Dayment 0-0: Swinging Strike
0-1: Ball
1-1: Fly out, F6 (Popup, 6MD)
Batting: RHB Pablo Lugo 0-0: Ball
1-0: Foul Ball, location: 2F
1-1: Foul Ball, location: 2F
1-2: Fly out, F7 (Flyball, 78M)
Batting: RHB Kyle Dempsey 0-0: Foul Ball, location: 2F
0-1: Ball
1-1: Foul Ball, location: 2F
1-2: Strikes out swinging
Bottom of the 11th over - 0 run(s), 0 hit(s), 0 error(s), 1 left on base; Augusta 6 - Rappahannock 6
TOP OF THE 12TH
Augusta Timber Hawks batting - Pitching for Rappahannock Partisans : LHP Monte Conner
Now at 3B: Cipriano Oliveira
Batting: SHB José Salazar 0-0: Ball
1-0: Swinging Strike
1-1: Ground out 5-3 (Groundball, 5)
Batting: LHB Juan Rodríguez 0-0: Foul Ball, location: 2F
0-1: Swinging Strike
0-2: Ball
1-2: SINGLE (Line Drive, 9LS)
Batting: SHB Lawrence Franklin 0-0: Called Strike
0-1: Ball
1-1: Ball
2-1: Ball
3-1: 2-RUN HOME RUN (Flyball, 9D), Distance : 365 ft
Pitching: RHP Mark Walker
Batting: RHB Rob Young 0-0: Swinging Strike
0-1: Ball
1-1: Ball
2-1: Called Strike
2-2: Foul Ball, location: 2F
2-2: Strikes out looking
Batting: RHB Phil Hayes 0-0: Foul Ball, location: 2F
0-1: Swinging Strike
0-2: Ball
1-2: Strikes out swinging
Top of the 12th over - 2 run(s), 2 hit(s), 0 error(s), 0 left on base; Augusta 8 - Rappahannock 6
BOTTOM OF THE 12TH
Rappahannock Partisans batting - Pitching for Augusta Timber Hawks : LHP Eric Patnode
Batting: LHB Miguel Mendoza 0-0: Swinging Strike
0-1: Swinging Strike
0-2: Strikes out swinging
Batting: RHB Tom Baker 0-0: Called Strike
0-1: Fly out, F8 (Flyball, 78M)
Batting: RHB Seth Varela 0-0: Called Strike
0-1: Foul Ball, location: 2F
0-2: Strikes out swinging
Bottom of the 12th over - 0 run(s), 0 hit(s), 0 error(s), 0 left on base; Augusta 8 - Rappahannock 6
This league is powered by Out of the Park Baseball, the baseball management simulation game for PC, Mac and Linux
Saturday, July 25th, 2015 - OOTP Baseball 15.6 Build 34